 Dungeon Crawl Stone Soup version 0.30-a0-1008-g30c9307041 (webtiles) character file.

Game seed: 755546751054330294

4119 Demosthentine the Trooper (level 10, -1/71 HPs)
             Began as a Demonspawn Gladiator on Apr 5, 2023.
             Was a Follower of Hepliaklqana.
             Slain by a killer bee (6 damage)
             ... on level 8 of the Dungeon.
             The game lasted 00:10:31 (9299 turns).

Demosthentine the Trooper (Demonspawn Gladiator)    Turns: 9299, Time: 00:10:32

Health: -1/71      AC:  5    Str: 16    XL:     10   Next: 6%
Magic:  10/10      EV: 16    Int:  9    God:    Hepliaklqana [*.....]
Gold:   431        SH:  0    Dex: 18    Spells: 9/9 levels left

rFire   . . .      SeeInvis .    a - +1 trident
rCold   . . .      Faith    .    (no shield)
rNeg    . . .      Spirit   .    b - +0 leather armour
rPois   .          Reflect  .    (helmet restricted)
rElec   .          Rampage  .    (no cloak)
rCorr   .                        (no gloves)
Will    +....                    (no boots)
Stlth   +                        m - amulet of the acrobat
HPRegen 0.31/turn                C - ring of willpower
MPRegen 0.12/turn                (no ring)

@: confused, mighty, lethally poisoned (-1 -> -6), ambrosia-drunk
A: reduced essence, horns 1, demonic guardian 1, sharp scales 2, condensation
shield
a: Renounce Religion, Recall Ancestor, Ancestor Identity


You were on level 8 of the Dungeon.
You worshipped Hepliaklqana.
Hepliaklqana was aware of your devotion.
You visited 2 branches of the dungeon, and saw 9 of its levels.
You also visited: Sewer.

You collected 431 gold pieces.

Inventory:

Hand Weapons
 a - a +1 trident (weapon)
Missiles
 d - 3 throwing nets (quivered)
 e - a javelin
Armour
 b - a +0 leather armour (worn)
 q - the +1 pair of gloves of Crawling {Rampage +Inv rF++ rC-}
   (You found it on level 4 of the Dungeon)

   rF:        It greatly protects you from fire.
   rC:        It makes you vulnerable to cold.
   +Inv:      It lets you turn invisible.
   Rampage:   It bestows one free step when moving towards enemies.
Jewellery
 m - an amulet of the acrobat (around neck)
 z - a ring of flight
 C - a ring of willpower (left hand)
Wands
 l - a wand of charming (13)
 A - a wand of mindburst (16)
 E - a wand of polymorph (11)
Scrolls
 c - a scroll of amnesia
 i - 4 scrolls of enchant armour
 j - a scroll of fog {unknown}
 t - 2 scrolls of vulnerability
 u - a scroll of noise
 v - 3 scrolls of blinking
 y - a scroll of immolation
Potions
 g - a potion of attraction
 k - a potion of might
 n - 3 potions of brilliance {unknown}
 o - 2 potions of magic
 p - a potion of invisibility
 r - a potion of ambrosia
 s - 7 potions of flight
 w - 3 potions of mutation
 x - a potion of cancellation {unknown}
 D - a potion of lignification


   Skills:
 + Level 7.6 Fighting
 + Level 7.2 Polearms
 - Level 1.7 Throwing
 + Level 6.5 Armour
 + Level 7.2 Dodging


You had 9 spell levels left.
You didn't know any spells.
Your spell library contained the following spells:

 Spells                   Type           Power      Damage    Failure   Level
 Kiss of Death            Conj/Necr      0%         2d5       43%         1
 Blink                    Tloc           0%         N/A       58%         2
 Lesser Beckoning         Tloc           0%         N/A       58%         2
 Momentum Strike          Conj/Tloc      0%         3d8       58%         2
 Sublimation of Blood     Necr           0%         N/A       58%         2
 Wereblood                Tmut           0%         N/A       58%         2
 Confusing Touch          Hex            0%         N/A       82%         3
 Summon Guardian Golem    Hex/Summ       0%         N/A       82%         3
 Vhi's Electric Charge    Tloc/Air       0%         N/A       82%         3
 Dispel Undead            Necr           0%         3d6       99%         4
 Petrify                  Tmut/Erth      0%         N/A       99%         4
 Arcjolt                  Conj/Air       0%         1d10      100%        5
 Metabolic Englaciation   Hex/Ice        0%         N/A       100%        5
 Plasma Beam              Fire/Air       0%         2x1d11    100%        6
 Statue Form              Tmut/Erth      0%         N/A       100%        6
 Orb of Destruction       Conj           0%         9d5       100%        7
 Spellforged Servitor     Conj/Summ      0%         N/A       100%        7
 Summon Hydra             Summ           0%         N/A       100%        7


Dungeon Overview and Level Annotations

Branches:
Dungeon (8/15)             Temple (1/1) D:4           Sewer (visited)
   Lair: D:8-11

Altars:
Ashenzari
Cheibriados
Dithmenos
Fedhas
Gozag
Hepliaklqana
Kikubaaqudgha
Makhleb
Nemelex Xobeh
Okawaru
Qazlal
Ru
Trog
Uskayaw
Vehumet
Wu Jian
Xom
Yredelemnul

Shops:
D:7 (


Innate Abilities, Weirdness & Mutations

Your life essence is reduced to manifest your ancestor. (-10% HP)
You have a pair of small horns on your head.
A weak demonic guardian rushes to your aid.
You are mostly covered in razor-sharp scales. (AC +2, Slay +2)
A meltable shield of frost defends you. (SH +4)


Message History

* * * LOW HITPOINT WARNING * * *
The killer bee stings you but does no damage.
You feel much better.
You feel sick. The killer bee misses you. You block the killer bee's attack.
The killer bee stings you.
* * * LOW HITPOINT WARNING * * *
The killer bee misses you.
Your iron imp misses the killer bee.
Unknown command.
You completely miss the killer bee.
The killer bee is moderately wounded.
You feel sick.
The killer bee stings you but does no damage.
The killer bee closely misses you. The killer bee stings you.
* * * LOW HITPOINT WARNING * * *
The killer bee closely misses you.
Your iron imp hits the killer bee.
You miss the killer bee.
The killer bee is heavily wounded.
You feel sick. The killer bee stings you.
* * * LOW HITPOINT WARNING * * *
You block the killer bee's attack. The killer bee stings you.
* * * LOW HITPOINT WARNING * * *
You are lethally poisoned!
The killer bee poisons you! The killer bee closely misses you.
Your iron imp hits the killer bee but does no damage.
You puncture the killer bee!
You kill the killer bee!
* * * LOW HITPOINT WARNING * * *
You feel sick. The killer bee misses you. The killer bee closely misses you.
Unknown command.
* * * LOW HITPOINT WARNING * * *
You feel very sick. The killer bee misses you.
Your iron imp barely misses the killer bee.
The killer bee misses you.
You see here a killer bee corpse.
Unknown command.
You are confused.
You feel invigorated.
* * * LOW HITPOINT WARNING * * *
You feel sick. The killer bee stings you.
You die...

..>. ..... ###########..
#.....
P...$....P#..######.(.#
P.....P..P#(..#.......##
P.....P..P#..#..PP.....#
P..P..P..P#........P...#
#P.....P..P#....P...P...#
#P..P..P.5P##..PP.8.PP..#
#P!.P$.P@yP##...P......##
#P..P..P..P##...PPP......
P..P.....P##....PPP.....
P........P##.##....[##..
####''#####........#....
#..#####........#)##.
#...y...........#.##.
########........))...
#........#.###


You could see a killer bee (ally target) and a friendly iron imp (summoned).

Vanquished Creatures
  A queen bee (D:8)
  Prince Ribbit (D:8)
  Sigmund (D:4)
  A steam dragon (D:8)
  A vampire mosquito (D:5)
  An orc warrior (D:7)
  2 ice beasts
  A sky beast (D:6)
  2 black bears
  A centaur (D:7)
  2 phantoms (D:4)
  2 bullfrogs (D:7)
  2 kobold brigands (D:8)
  2 scorpions
  2 wights (D:7)
  11 killer bees
  A lava snake (D:7)
  4 jellies
  2 hounds
  2 orc priests
  2 iguanas
  A sleepcap (D:4)
  3 orc wizards
  6 gnolls (D:4)
  2 river rats (Sewer)
  10 adders
  2 white imps
  2 ufetubi
  6 worms
  2 dart slugs
  9 orcs
  9 ball pythons
  17 bats
  9 endoplasms
  9 giant cockroaches
  7 goblins
  2 hobgoblins
  8 jackals
  14 kobolds
  3 quokkas
  4 frilled lizards
  5 rats
174 creatures vanquished.

Vanquished Creatures (collateral kills)
  Joseph (D:7)
  An ice beast (D:7)
  A bullfrog (D:7)
  3 wights (D:7)
  3 killer bees
  A lava snake (D:7)
  A jelly (D:7)
  An iguana (D:7)
  A worm (D:4)
  2 orcs (D:6)
  A jackal (D:3)
  A kobold (D:3)
  A rat (D:4)
18 creatures vanquished.

Vanquished Creatures (others)
  4 ancestors
  4 plants (D:8)
8 creatures vanquished.

Grand Total: 200 creatures vanquished

Notes
Turn   | Place    | Note
-------+----------+-------------------------------------------
     0 | D:1      | Demosthentine the Demonspawn Gladiator began the quest for
                  | the Orb.
     0 | D:1      | Reached XP level 1. HP: 16/16 MP: 1/1
   182 | D:1      | Gained mutation: You are partially covered in razor-sharp
                  | scales. (AC +1, Slay +1) [demonic ancestry]
   182 | D:1      | Reached XP level 2. HP: 19/22 MP: 2/2
  1114 | D:2      | Reached skill level 1 in Armour
  1114 | D:2      | Reached XP level 3. HP: 28/28 MP: 3/3
  1613 | D:2      | Identified the +0 robe of the Everdark {rF+ rC- Int+8 SInv}
  1853 | D:3      | Found a glowing drain.
  1873 | D:3      | Gained mutation: A weak demonic guardian rushes to your
                  | aid. [demonic ancestry]
  1873 | D:3      | Reached XP level 4. HP: 28/34 MP: 4/4
  1910 | Sewer    | Entered a sewer
  2284 | Sewer    | Reached XP level 5. HP: 41/41 MP: 5/5
  3040 | D:3      | Identified the +3 short sword "Rukhlam" {vamp, +Blink rF+
                  | Int-2 Dex+5}
  3276 | D:3      | Found a broken altar of Ashenzari.
  3612 | D:4      | Reached XP level 6. HP: 37/47 MP: 6/6
  3716 | D:4      | Identified the +1 pair of gloves of Crawling {Rampage +Inv
                  | rF++ rC-}
  3766 | D:4      | Noticed Sigmund
  3781 | D:4      | Killed Sigmund
  3936 | D:4      | Found a staircase to the Ecumenical Temple.
  4146 | D:4      | Gained mutation: You have a pair of small horns on your
                  | head. [demonic ancestry]
  4146 | D:4      | Reached XP level 7. HP: 41/54 MP: 7/7
  4170 | D:4      | Identified the +9 short sword "Eviscerator" {pain, rElec
                  | Int+3}
  4366 | D:4      | You fall into a shaft and drop 1 floor!
  4366 | D:5      | Entered Level 5 of the Dungeon
  4607 | D:4      | Noticed a moth of wrath
  4610 | D:4      | Found a bloodstained altar of Trog.
  5682 | D:5      | Found a snail-covered altar of Cheibriados.
  5682 | D:5      | Found a sacrificial altar of Ru.
  5812 | Temple   | Entered the Ecumenical Temple
  6155 | Temple   | Became a worshipper of Hepliaklqana the Forgotten
  6462 | D:5      | Noticed a vampire mosquito
  6468 | D:5      | Killed a vampire mosquito
  6469 | D:5      | Reached skill level 5 in Polearms
  6469 | D:5      | Reached skill level 5 in Dodging
  6472 | D:5      | Reached skill level 5 in Fighting
  6472 | D:5      | Gained mutation: A meltable shield of frost defends you.
                  | (SH +4) [demonic ancestry]
  6472 | D:5      | Reached XP level 8. HP: 62/62 MP: 8/8
  7847 | D:7      | Reached * piety under Hepliaklqana
  7957 | D:7      | Reached skill level 5 in Armour
  7964 | D:7      | Gained mutation: You are mostly covered in razor-sharp
                  | scales. (AC +2, Slay +2) [demonic ancestry]
  7964 | D:7      | Reached XP level 9. HP: 23/62 MP: 9/9
  8290 | D:7      | Found a shimmering altar of Xom.
  8341 | D:7      | Noticed Joseph
  8363 | D:7      | Killed Joseph
  8550 | D:7      | Found a faded altar of an unknown god.
  8550 | D:7      | Found a faded altar of an unknown god.
  8558 | D:7      | Found a burning altar of Makhleb.
  8560 | D:7      | Found a sparkling altar of Nemelex Xobeh.
  8633 | D:7      | Found Cuigot's Weapon Boutique.
  8904 | D:8      | Noticed Prince Ribbit
  8979 | D:8      | Killed Prince Ribbit
  9244 | D:8      | Noticed a queen bee
  9274 | D:8      | Killed a queen bee
  9275 | D:8      | Reached XP level 10. HP: 20/71 MP: 10/10
  9280 | D:8      | HP: 2/71 [killer bee (10)]
  9293 | D:8      | HP: 3/71 [killer bee (5)]
  9298 | D:8      | HP: 1/71 [poisoned by a killer bee]
  9299 | D:8      | Slain by a killer bee

Illustrated notes

Levels and vault maps discovered:
D:1:      lightli_arrival_quake, layout_basic
D:2:      layout_loops_ring, eino_tiny_chamber
D:3:      layout_basic, ashenzari_altar_1, cheibrodos_sewer_entry_drain
D:4:      minmay_chambers_of_fours, layout_basic, tgw_trog, lemuel_tele_altar,
          minmay_temple_entry_from_below_b, uniq_sigmund
D:5:      kennysheep_big_flooded_room, layout_basic,
          gammafunk_temple_overflow_wave
D:6:      layout_loops_ring
D:7:      layout_basic, mainiacjoe_overflow_small_starburst,
          chequers_temple_overflow_minitemple, kennysheep_diamond, uniq_joseph
D:8:      layout_loops_cross, nicolae_sif_muna_condensation,
          dreamdust_mushroom_princess, nicolae_looking_at_the_future,
          uniq_prince_ribbit1
Temple:   minmay_temple_forest_path

Skill      XL: |  1  2  3  4  5  6  7  8  9 |
---------------+----------------------------+-----
Dodging        | 3 4 5 6 7 |  7.2
Polearms       | 3 4 5 6 7 |  7.2
Armour         | 1 2 3 5 6 |  6.5
Fighting       | 3 4 5 6 7 |  7.6
Throwing       | |  1.7

Action                     |  1- 3 |  4- 6 |  7- 9 | 10-12 || total
---------------------------+-------+-------+-------+-------++-------
  Melee: Trident           |   135 |   257 |   362 |    15 ||   769
         Punch             |     1 |     3 |     5 |     1 ||    10
         Headbutt          |       |       |    59 |     1 ||    60
  Throw: Throwing net      |       |     1 |       |       ||     1
    Use: Scroll            |     1 |     9 |    10 |     1 ||    21
         Potion            |       |       |     7 |     3 ||    10
   Stab: Sleeping          |     4 |     3 |     3 |       ||    10
         Distracted        |       |       |     1 |       ||     1
 Armour: Leather armour    |    47 |    61 |    51 |     6 ||   165
         Skin              |       |       |     2 |       ||     2
  Dodge: Dodged            |    73 |   182 |   224 |    26 ||   505
  Block: Other             |       |       |    37 |     4 ||    41

Table legend: (Time is in decaauts)
 A = Elapsed time spent in this place.
 B = Non-inter-level travel time spent in this place.
 C = Inter-level travel time spent in this place.
 D = Time resting spent in this place.
 E = Time spent auto-exploring this place.
 F = Levels seen in this place.
 G = Mean time per level.
                   A        B        C        D        E       F      G
               +--------+--------+--------+--------+--------+-----+--------+
         Total |   9520 |   9259 |    261 |    631 |   6996 |  10 |  952.0 |
       Dungeon |   8222 |   7978 |    244 |    566 |   6065 |   8 | 1027.8 |
        Temple |    385 |    368 |     17 |      0 |    317 |   1 |  385.0 |
         Sewer |    912 |    912 |      0 |     65 |    614 |   1 |  912.0 |
               +--------+--------+--------+--------+--------+-----+--------+

Top non-repeatable levels by time:
     D:4: 1813 daAuts
     D:7: 1307 daAuts
     D:5: 1117 daAuts
     D:1: 1111 daAuts
     D:6: 1038 daAuts
   Sewer: 912 daAuts
     D:3: 756 daAuts
     D:2: 743 daAuts
  Temple: 385 daAuts
     D:8: 333 daAuts
